 Dungeon Crawl Stone Soup version 0.26-a0-1181-gd376ed14c5 (webtiles) character file.

Game seed: 228046109888812786

190 WaxSun the Slasher (level 5, -4/38 (41) HPs)
             Began as a Demonspawn Gladiator on Dec 27, 2020.
             Slain by a worm (5 damage)
             ... on level 4 of the Dungeon.
             The game lasted 00:03:41 (3185 turns).

WaxSun the Slasher (Demonspawn Gladiator)           Turns: 3185, Time: 00:03:41

HP:   -4/38 (41)    AC:  9    Str: 15    XL:     5   Next: 41%
MP:   14/14         EV: 10    Int:  9    God:
Gold: 192           SH:  0    Dex: 15    Spells: 4/4 levels left

rFire    . . .     SeeInvis .   a - +0 long sword
rCold    + . .     Faith    .   w - +0 buckler
rNeg     . . .     Spirit   .   j - +0 scale mail
rPois    .         Reflect  .   c - +0 helmet
rElec    .         Harm     .   (no cloak)
rCorr    .         Rampage  .   (no gloves)
Will     .....                  (no boots)
Stlth    ..........             (no amulet)
HPRegen  0.12/turn              y - ring of protection from cold
MPRegen  0.14/turn              x - ring of magical power

@: confused, drained
A: talons 1, icy blue scales 1
a: no special abilities


You were on level 4 of the Dungeon.
You visited 1 branch of the dungeon, and saw 4 of its levels.

You collected 192 gold pieces.

Inventory:

Hand Weapons
 a - a +0 long sword (weapon)
Missiles
 d - 3 throwing nets (quivered)
Armour
 c - a +0 helmet (worn)
 j - a +0 scale mail (worn)
 w - a +0 buckler (worn)
Jewellery
 v - an uncursed ring of stealth
 x - a ring of magical power (right hand)
 y - a ring of protection from cold (left hand)
Scrolls
 f - 2 scrolls of noise {unknown}
 g - 2 scrolls of fog {unknown}
 h - a scroll of amnesia
 n - 2 scrolls of remove curse
 o - a scroll of fear
 r - a scroll of teleportation {unknown}
 s - a scroll of magic mapping
 t - a scroll of enchant armour
Potions
 b - 2 potions of lignification {unknown}
 i - 4 potions of curing {unknown}
 k - 2 potions of might {unknown}
 l - a potion of brilliance {unknown}
 m - 3 potions of haste {unknown}
 p - a potion of ambrosia {unknown}
 q - a potion of invisibility {unknown}
 u - 2 potions of heal wounds {unknown}


   Skills:
 + Level 3.1 Fighting
 * Level 4.3 Long Blades
 - Level 1.7 Throwing
 + Level 3.5 Dodging
 + Level 0.9 Shields


You had 4 spell levels left.
You didn't know any spells.
Your spell library was empty.

Dungeon Overview and Level Annotations

Branches:
Dungeon (4/15)             Temple (0/1) D:4

Altars:

Portals:
Sewer: D:4

Annotations:
D:4 Sigmund


Innate Abilities, Weirdness & Mutations

You have sharp toenails.
You are partially covered in icy blue scales. (AC +2)


Message History

You claw the giant cockroach.
You kill the giant cockroach!
You hear some strange, mumbled words.
You are confused.
You're too confused to move!
You bump into the rock wall.
Something hits you! Something burns you.
You bump into the rock wall.
The worm bites you but does no damage. Something hits you. Something burns you.
* * * LOW HITPOINT WARNING * * *
You hit the worm but do no damage. You claw the worm, but do no damage.
The worm barely misses you. Something hits you!
* * * LOW HITPOINT WARNING * * *
Something burns you.
* * * LOW HITPOINT WARNING * * *
You see here a rat corpse.
You closely miss the worm. You claw the worm.
The worm is moderately wounded.
The worm bites you.
You die...

*,* *,*,,,≈≈≈,,,*,****,*,*
*,* #....≈≈≈≈≈..#,* *,*,*
*,* #....≈≈∩≈≈..#,****,*,*
*,* #....≈≈≈≈≈..#,,,,,,*,*
*,*
***#.#...≈≈≈...#*******,*
*,*
*>,............,,,,,,,,,*
*,*
*,***#.......,,******,,**
*,* *,*
**#..w#,,,,,,,,,,,** *,*
*,*#####.@.##*********,,*
*,*
*,.........†########***,**
*,*
*,.?................,,,,,,
*,*
*,................#*****,*
*,*
**##########.####.#####*,,
*,* **######.####.....#**,
*,* *............#**#.# *,
*,*
*****............####.####
*,*
*,,,+............##.......


You could see a worm.

Vanquished Creatures
  A big kobold (D:3)
  4 adders
  A worm (D:2)
  3 dart slugs
  2 orcs (D:3)
  2 ball pythons (D:4)
  4 giant cockroaches
  8 hobgoblins
  11 jackals
  12 kobolds
  9 bats
  3 frilled lizards
  7 goblins
  9 rats
76 creatures vanquished.

Notes
Turn   | Place    | Note
-------+----------+-------------------------------------------
     0 | D:1      | WaxSun the Demonspawn Gladiator began the quest for the
                  | Orb.
     0 | D:1      | Reached XP level 1. HP: 16/16 MP: 1/1
   108 | D:1      | Reached skill level 3 in Long Blades
   113 | D:1      | Gained mutation: You have sharp toenails. [demonic
                  | ancestry]
   113 | D:1      | Reached XP level 2. HP: 17/22 MP: 2/2
   626 | D:1      | Reached XP level 3. HP: 26/28 MP: 3/3
  1388 | D:2      | Gained mutation: You are partially covered in icy blue
                  | scales. (AC +2) [demonic ancestry]
  1388 | D:2      | Reached XP level 4. HP: 33/34 MP: 4/4
  2506 | D:3      | Noticed a big kobold
  2660 | D:3      | Killed a big kobold
  2661 | D:3      | Reached skill level 4 in Long Blades
  2661 | D:3      | Reached XP level 5. HP: 18/37 MP: 5/5
  3168 | D:4      | Found a glowing drain.
  3172 | D:4      | Noticed Sigmund
  3184 | D:4      | HP: 1/38 [something (3)]
  3185 | D:4      | Slain by a worm

Illustrated notes

Levels and vault maps discovered:
D:1:      dpeg_arrival_court, layout_loops_ring
D:2:      layout_basic
D:3:      cheibrodos_thug_alley, layout_loops_ring
D:4:      layout_basic, old_standard_altar, temple_pool_b,
          hellmonk_ghost_happy_afterlife, portal_sewer_entry_a,
          uniq_blork_the_orc, uniq_sigmund

Skill      XL: |  1  2  3  4 |
---------------+-------------+-----
Long Blades    | 3 4 |  4.3
Dodging        | 3 |  3.5
Fighting       | 3 |  3.1
Throwing       | |  1.7
Shields        | |  0.9

Action                   |  1- 3 |  4- 6 || total
-------------------------+-------+-------++-------
Melee: Long sword        |    97 |    65 ||   162
       Kick              |    28 |    19 ||    47
  Use: Scroll            |       |     5 ||     5
Armor: Leather armour    |     6 |       ||     6
       Scale mail        |    38 |    28 ||    66
Dodge: Dodged            |    69 |    47 ||   116
Block: Buckler           |       |     7 ||     7
       Rpst.: Long sword |    19 |    12 ||    31

Table legend: (Time is in decaauts)
 A = Elapsed time spent in this place.
 B = Non-inter-level travel time spent in this place.
 C = Inter-level travel time spent in this place.
 D = Time resting spent in this place.
 E = Time spent auto-exploring this place.
 F = Levels seen in this place.
 G = Mean time per level.
                   A        B        C        D        E       F      G
               +--------+--------+--------+--------+--------+-----+--------+
         Total |   3228 |   3125 |    103 |      0 |   2657 |   4 |  807.0 |
       Dungeon |   3228 |   3125 |    103 |      0 |   2657 |   4 |  807.0 |
               +--------+--------+--------+--------+--------+-----+--------+

Top non-repeatable levels by time:
     D:2: 1188 daAuts
     D:3: 1030 daAuts
     D:1: 964 daAuts
     D:4: 45 daAuts
